AoeStats
← Lidtang

MegaRandom

506030727Analyzed
1v1 RM · 18d ago on Sep 12, 2026· 48m 23s· 2 players
Game mode
Random Map
Map size
Tiny (2 player)
Population
200
Speed
Normal
Resources
Standard
Victory
Conquest
Starting age
Dark Age
Ending age
Imperial Age
RankedLock teamsTeams togetherTeam positionsShared explorationLock speedFull tech treeHidden civsTurbo modeCheats
Victory
Defeat
🇳🇿 Italians · New Zealand
909
+15
🇯🇵 Persians · Japan
885
-15
wrx0802
10:12 Feudal Age
8:27 Loom
12:21 Double-Bit Axe
18:09 Castle Age
16:57 Gold Mining
16:58 Horse Collar
17:36 Stone Mining
19:51 Wheelbarrow
19:34 Heavy Plow
20:09 Bow Saw
23:11 Gold Shaft Mining
30:50 Imperial Age
28:29 Demolition Ship
30:14 Hand Cart
32:35 Crop Rotation
32:43 Stone Shaft Mining
31:51 Heavy Demolition Ship
34:29 Two-Man Saw
34:59 Medium Warships
34:57 Kamandaran
38:17 Chemistry
37:08 Heated Shot
36:55 Onager
38:06 Bloodlines
40:26 Light Cavalry
41:21 Husbandry
45:57 Citadels
Lidtang
0:40 Loom
12:34 Feudal Age
17:17 Castle Age
15:50 Double-Bit Axe
15:48 Horse Collar
17:02 Fishing Lines
17:36 Stone Mining
19:02 Heavy Plow
20:56 Bow Saw
22:32 Medium Warships
22:16 Fletching
25:09 Wheelbarrow
24:21 Town Watch
27:18 Forging
31:27 Imperial Age
30:05 Bodkin Arrow
30:47 Iron Casting
32:51 Heavy Warships
33:29 Chemistry
34:23 Elite Cannon Galleon
36:45 Siphons
37:02 Shipwright
37:12 Bracer
37:13 Padded Archer Armor
37:42 Conscription
38:54 Elite Genoese Crossbowman
48:55 Ballistics
48:56 Leather Archer Armor
49:42 Blast Furnace
Connection lost

Rejoining the realm…

Still unreachable

The connection could not be restored.

Session expired

The server has moved on; the page needs a fresh start.